 Dungeon Crawl Stone Soup version 0.29.1-15-g9cfb28693d (webtiles) character file.

Game seed: 13289495927642566693

2689 hawla the Arsonist (level 10, -2/73 HPs)
             Began as a Meteoran Fire Elementalist on Apr 22, 2023.
             Was an Initiate of Vehumet.
             Slain by a wolf zombie (4 damage)
             ... in a bailey.
             The game lasted 00:13:59 (2300 turns).

hawla the Arsonist (Meteoran Fire Elementalist)     Turns: 2300, Time: 00:14:00

Health: -2/73      AC:  5    Str: 12    XL:     10   Next: 17%
Magic:  1/23       EV: 13    Int: 20    God:    Vehumet [......]
Gold:   339        SH:  0    Dex: 14    Spells: 19/26 levels left

rFire   + . .      SeeInvis .   i - +5 short sword (vamp)
rCold   . . .      Faith    .   (no shield)
rNeg    . . .      Spirit   .   a - +0 robe
rPois   .          Reflect  .   (helmet restricted)
rElec   .          Harm     .   j - +0 cloak
rCorr   .          Rampage  .   (no gloves)
Will    +....                   (no boots)
Stlth   +.........              (no amulet)
HPRegen 0.22/turn               l - ring of protection from fire
MPRegen 0.18/turn               (no ring)

@: mighty, glowing
A: sense surroundings 2, otherworldly, glowing, explore regen, antennae 1,
iridescent scales 1
a: Renounce Religion


You were in a bailey.
You worshipped Vehumet.
Vehumet was noncommittal.
You visited 2 branches of the dungeon, and saw 9 of its levels.
You also visited: Bailey.

You collected 339 gold pieces.

Inventory:

Hand Weapons
 d - a +1 falchion of flaming
 i - a +5 vampiric short sword (weapon)
 k - a +2 hammer of draining
Armour
 a - a +0 robe (worn)
 j - a +0 cloak (worn)
Jewellery
 l - a ring of protection from fire (left hand)
Wands
 h - a wand of polymorph (8) (quivered)
Scrolls
 g - a scroll of teleportation
 m - a scroll of noise
Potions
 b - a potion of magic
 c - a potion of attraction
 q - a potion of haste {unknown}


   Skills:
 + Level 2.0 Fighting
 + Level 1.5 Short Blades
 + Level 3.5 Maces & Flails
 + Level 4.4 Dodging
 - Level 1.4 Stealth
 + Level 8.8 Spellcasting
 + Level 7.4 Conjurations
 + Level 8.8 Fire Magic
 + Level 3.0 Evocations


You had 19 spell levels left.
You knew the following spells:

 Your Spells              Type           Power      Damage    Failure   Level
a - Foxfire               Conj/Fire      100%       2x1d9     1%          1
b - Scorch                Fire           88%        2d9       1%          2
c - Flame Wave            Conj/Fire      41%        2d11      2%          4

Your spell library contained the following spells:

 Spells                   Type           Power      Damage    Failure   Level
 Conjure Flame            Conj/Fire      41%        6-21      1%          3
 Inner Flame              Hex/Fire       26%        N/A       3%          3
 Sublimation of Blood     Necr           8%         N/A       12%         2
 Wereblood                Tmut           8%         N/A       12%         2
 Summon Hydra             Summ           4%         N/A       100%        7


Dungeon Overview and Level Annotations

Branches:
Dungeon (8/15) Zot: 2624   Temple (1/1) D:7 Zot: 587  Bailey (1/1) Zot: 494
   Lair: D:8-11

Altars:
Ashenzari
Elyvilon
Kikubaaqudgha
Qazlal
Sif Muna
Vehumet
Zin
The Shining One

Annotations:
D:8 Grum, Psyche


Innate Abilities, Weirdness & Mutations

You passively map the area around you.
You are easily found by Zot.
You glow in the dark.
You regain HP and MP as you explore.
You have a pair of small antennae on your head.
You are partially covered in iridescent scales. (AC +2)


Message History

The forest fire spreads!
You barely miss the wolf zombie.
The wolf zombie is moderately damaged.
The wolf zombie bites you. The wolf zombie barely misses you.
The wolf zombie bites you!
* * * LOW HITPOINT WARNING * * *
The wolf zombie barely misses you.
Casting: Foxfire (safe; 1% risk of failure)
Confirm with . or Enter, or press ? or * to list all spells.
You conjure some foxfire!
The wolf zombie bites you but does no damage.
The wolf zombie bites you.
* * * LOW HITPOINT WARNING * * *
You feel better.
The foxfire hits the wolf zombie but does no damage.
The wolf zombie is moderately damaged.
The foxfire hits the wolf zombie.
The wolf zombie is heavily damaged.
The wolf zombie bites you.
* * * LOW HITPOINT WARNING * * *
The wolf zombie bites you but does no damage. x2
The wolf zombie closely misses you.
The forest fire spreads!
You feel a sense of dread.
i - a +5 vampiric short sword (weapon)
The wolf zombie bites you.
* * * LOW HITPOINT WARNING * * *
The wolf zombie barely misses you.
You hit the wolf zombie.
The wolf zombie is severely damaged.
A gargoyle comes into view. It is wielding a +0 mace.
The wolf zombie bites you.
* * * LOW HITPOINT WARNING * * *
The wolf zombie bites you.
* * * LOW HITPOINT WARNING * * *
It was a potion of might.
You feel very mighty all of a sudden. The wolf zombie closely misses you.
The wolf zombie bites you.
* * * LOW HITPOINT WARNING * * *
The gargoyle misses you. The wolf zombie bites you.
You die...

* ###* ~ ♣♣§.♣## ~**
♣♣♣♣..§§§#* , ♣...8.§§§, *
~~, , ......8☼######## *
......Z.9......# , ,
......Z@#).....# * ~
..#######......# , ~ **
+.Z'......+ , *~~ *
##.....#..###''#####
+......#.., #.....8# * ~,#
#......#., {#......# * *
~,#. #..♣♣..######..)...# *
#≈≈.#Z #....)........##...#
.≈≈.#..#...).....)..##)...#


You could see a gargoyle and 2 wolf zombies.

Vanquished Creatures
  A troll (D:6)
  An orc warrior (D:8)
  A water moccasin (D:7)
  3 ice beasts
  4 ogres
  2 wolves (D:8)
  A phantom (D:6)
  3 scorpions
  2 bullfrogs
  8 vampire bats (Bailey)
  A wolf zombie (Bailey)
  2 jellies
  An orc priest (D:4)
  8 hounds
  Crazy Yiuf (D:4)
  2 gnoll boudas (D:6)
  5 iguanas
  An orc wizard (D:5)
  3 adders
  7 gnolls (D:6)
  A white imp (D:5)
  A worm (D:5)
  A dart slug (D:4)
  9 orcs
  4 endoplasms
  A giant cockroach (D:2)
  3 goblins
  A hobgoblin (D:4)
  5 ball pythons
  2 kobolds (D:4)
  16 orc zombies (Bailey)
101 creatures vanquished.

Vanquished Creatures (others)
  145 foxfires
145 creatures vanquished.

Grand Total: 246 creatures vanquished

Notes
Turn   | Place    | Note
-------+----------+-------------------------------------------
     0 | D:1      | hawla the Meteoran Fire Elementalist began the quest for
                  | the Orb.
     0 | D:1      | Reached XP level 1. HP: 14/14 MP: 5/5
    30 | D:2      | Found a white marble altar of Elyvilon.
   146 | D:2      | Reached XP level 2. HP: 20/20 MP: 4/7
   194 | D:4      | Noticed a hound
   201 | D:4      | Killed a hound
   202 | D:4      | Reached XP level 3. HP: 16/26 MP: 1/9
   224 | D:4      | Reached XP level 4. HP: 31/33 MP: 4/10
   227 | D:4      | Learned a level 2 spell: Scorch
   239 | D:4      | Noticed an ogre
   244 | D:4      | Killed an ogre
   245 | D:4      | Reached skill level 5 in Fire Magic
   245 | D:4      | Reached XP level 5. HP: 24/38 MP: 3/12
   252 | D:4      | Found an ancient bone altar of Kikubaaqudgha.
   461 | D:4      | Reached skill level 1 in Short Blades
   461 | D:4      | Reached skill level 1 in Evocations
   461 | D:4      | Reached XP level 6. HP: 35/45 MP: 7/13
   701 | D:4      | Found a runed translucent door.
   702 | D:4      | Noticed Crazy Yiuf
   708 | D:4      | Killed Crazy Yiuf
   935 | D:5      | Entered Level 5 of the Dungeon
   966 | D:5      | Noticed an ice beast
   971 | D:5      | Killed an ice beast
   972 | D:5      | Reached XP level 7. HP: 50/50 MP: 7/14
  1091 | D:5      | Reached skill level 1 in Maces & Flails
  1253 | D:5      | Reached skill level 5 in Spellcasting
  1266 | D:5      | Learned a level 4 spell: Flame Wave
  1365 | D:6      | Reached XP level 8. HP: 57/57 MP: 7/16
  1445 | D:6      | Reached skill level 5 in Conjurations
  1793 | D:6      | Noticed a troll
  1799 | D:6      | Gained mutation: You passively map the area around you.
                  | [Meteoran growth]
  1799 | D:6      | Reached XP level 9. HP: 19/63 MP: 11/19
  1799 | D:6      | Killed a troll
  1859 | D:7      | Reached skill level 1 in Fighting
  1879 | D:7      | Gained mutation: You have a pair of small antennae on your
                  | head. [potion of mutation]
  1879 | D:7      | Gained mutation: You are partially covered in iridescent
                  | scales. (AC +2) [potion of mutation]
  2070 | D:7      | Found a staircase to the Ecumenical Temple.
  2115 | Temple   | Entered the Ecumenical Temple
  2122 | Temple   | Became a worshipper of Vehumet
  2186 | D:8      | Found a flagged portal.
  2186 | D:8      | Noticed Grum
  2192 | D:8      | Noticed Psyche
  2196 | Bailey   | Entered a bailey
  2233 | Bailey   | Reached XP level 10. HP: 35/72 MP: 10/23
  2299 | Bailey   | Noticed a gargoyle
  2299 | Bailey   | HP: 3/73 [wolf zombie (1)]
  2300 | Bailey   | Slain by a wolf zombie

Illustrated notes

Levels and vault maps discovered:
D:1:      amcnicky_arrival_feature_with_door, layout_basic,
          shapermc_ecumenical_altar_acropolis, serial_bayou_lake_a
D:2:      layout_basic, basic_altar
D:3:      layout_loops_ring, uniq_natasha
D:4:      layout_loops_ring, mainiacjoe_overflow_24_doors,
          uniq_crazy_yiuf_cottage
D:5:      layout_gridville
D:6:      layout_rooms, kennysheep_potato
D:7:      layout_cave_pools, minmay_temple_entry_fiery, minivault_4,
          hangedman_decor_peaks_small
D:8:      layout_basic, enter_bailey_2, grunt_tough_drop, uniq_psyche,
          uniq_grum, uniq_joseph
Temple:   nicolae_temple_the_god_donut
Bailey:   bailey_polearm_vampire_castle_hellmonk, bailey

Skill      XL: |  1  2  3  4  5  6  7  8  9 10 |
---------------+-------------------------------+-----
Spellcasting   | 3 4 5 6 8 |  8.8
Fire Magic     | 4 5 6 7 8 |  8.8
Dodging        | 3 4 |  4.4
Short Blades   | 1 |  1.5
Evocations     | 1 3 |  3.0
Conjurations   | 2 3 6 7 |  7.4
Maces & Flails | 1 2 3 |  3.5
Fighting       | 1 2 |  2.0
Stealth        | |  1.4

Action                   |  1- 3 |  4- 6 |  7- 9 | 10-12 || total
-------------------------+-------+-------+-------+-------++-------
Melee: Unarmed           |     2 |     1 |       |       ||     3
       Mace              |       |     2 |    22 |     5 ||    29
       Punch             |       |     1 |       |     1 ||     2
       Short sword       |       |       |       |     1 ||     1
 Cast: Foxfire           |    16 |    16 |    53 |     2 ||    87
       Scorch            |       |    15 |    42 |    11 ||    68
       Flame Wave        |       |       |    12 |     3 ||    15
  Use: Scroll            |       |       |     9 |       ||     9
       Potion            |       |       |     1 |     4 ||     5
Armor: Robe              |     1 |       |    12 |    13 ||    26
Dodge: Dodged            |     6 |     7 |    43 |    31 ||    87
